 Dungeon Crawl Stone Soup version 0.31.0-9-g3a7656b989 (webtiles) character file.

Game seed: 7195924543156748264

49825 qw the Spry (level 13, -13/65 HPs)
             Began as a Spriggan Hunter on Feb 2, 2024.
             Was a High Priest of Okawaru.
             Collided with a rock wall (17 damage)
             ... after being knocked back by a wind drake
             ... on level 5 of the Lair of Beasts.
             The game lasted 00:02:02 (14449 turns).

qw the Spry (Spriggan Hunter)                      Turns: 14449, Time: 00:02:03

Health: -13/65     AC:  7    Str:  3    XL:     13   Next: 71%
Magic:  21/21      EV: 40    Int: 12    God:    Okawaru [*****.]
Gold:   738        SH:  0    Dex: 28    Spells: 12/12 levels left

rFire   + + +        n - +0 orcbow (flame)
rCold   + . .        (shield currently unavailable)
rNeg    + . .        l - +2 robe {rC+ rF+}
rPois   .            (helmet restricted)
rElec   .            d - +2 cloak
rCorr   .            (gloves unavailable)
SInv    +            (boots unavailable)
Will    ++...        f - amulet of the acrobat
Stlth   +++          h - ring "Nijyssel" {rF+ rN+ Str-4 Dex+6}
HPRegen 0.30/turn    c - ring of protection from fire
MPRegen 0.17/turn

%: acrobat
@: about to teleport, very quick
A: very small, no large weapons, unfitting armour, see invisible, speed 3
a: Renounce Religion, Heroism, Finesse, Duel


You were on level 5 of the Lair of Beasts.
You worshipped Okawaru.
Okawaru was extremely pleased with you.
You visited 3 branches of the dungeon, and saw 15 of its levels.

You collected 883 gold pieces.
You spent 145 gold pieces at shops.


Innate Abilities, Weirdness & Mutations

You are very small and have problems with some larger weapons.
You are too small for most types of armour.
You have supernaturally acute eyesight. (SInv)
You cover ground extremely quickly. (Speed+++)


   Skills:
 - Level 6.0 Fighting
 + Level 15.7 Ranged Weapons
 - Level 1.1 Armour
 - Level 18.0 Dodging
 - Level 1.5 Stealth
 - Level 10.0 Invocations


You had 12 spell levels left.
You didn't know any spells.
Your spell library was empty.

Inventory:

Hand Weapons
 n - a +0 orcbow of flaming (weapon)
Armour
 a - +0 acid dragon scales
 d - a +2 cloak (worn)
 l - a +2 robe of resistance (worn)
 o - +0 steam dragon scales
Jewellery
 c - a ring of protection from fire (right hand)
 f - an amulet of the acrobat (around neck)
 h - the ring "Nijyssel" (left hand) {rF+ rN+ Str-4 Dex+6}
   (You found it on level 2 of the Dungeon)

   [ring of dexterity]

   Str-4:     It affects your strength (-4).
   Dex+6:     It affects your dexterity (+6).
   rF+:       It protects you from fire.
   rN+:       It protects you from negative energy.
 s - a ring of poison resistance
 Y - a ring of positive energy
Wands
 b - a wand of charming (11)
 g - a wand of quicksilver (12)
Scrolls
 j - 4 scrolls of identify
Potions
 e - 3 potions of mutation
 i - 6 potions of curing
 k - 3 potions of cancellation
 m - a potion of might
 p - a potion of haste
 r - 2 potions of heal wounds {unknown}

Dungeon Overview and Level Annotations

Branches:
Dungeon (9/15)             Temple (1/1) D:5            Lair (5/5) D:9
 Shoals (0/4) Lair:2       Spider (0/4) Lair:2        Slime (0/5) Lair:4
    Orc: D:9-12

Altars:
Ashenzari
Cheibriados
Dithmenos
Fedhas
Gozag
Hepliaklqana
Kikubaaqudgha
Makhleb
Nemelex Xobeh
Okawaru
Qazlal
Ru
Sif Muna
Trog
Uskayaw
Vehumet
Wu Jian
Xom
Yredelemnul
Zin
The Shining One
Jiyva

Shops:
D:5 *   D:8 [

Portals:
Ice
Cave: Lair:4

Annotations:
D:8 4 transporters
Lair:4 2 transporters


Message History

The arrow burns the wind drake.
The wind drake is heavily wounded.
The wind drake closely misses you.
You shoot an arrow. The arrow barely misses the wind drake.
The wind drake misses you.
You shoot an arrow.
The arrow hits the wind drake but does no damage.
The wind drake is heavily wounded.
The wind drake completely misses you.
You shoot an arrow.
The arrow hits the wind drake but does no damage.
The wind drake is heavily wounded.
The wind drake completely misses you.
You shoot an arrow.
The arrow closely misses the wind drake.
The wind drake completely misses you.
You shoot an arrow. The arrow misses the wind drake.
The wind drake misses you.
You shoot an arrow. The arrow barely misses the wind drake.
The wind drake flaps its wings at you. The air twists around and strikes you!
You shoot an arrow.
The arrow closely misses the wind drake.
You shoot an arrow. The arrow misses the wind drake.
The wind drake exhales a fierce blast of wind!
You are knocked back by the gust of wind.
You slam into the rock wall!
You shoot an arrow. The arrow misses the wind drake.
The wind drake flaps its wings at you. The air twists around and strikes you!
14448 ||| READING scroll of teleportation.
As you read the scroll of teleportation, it crumbles to dust.
You feel strangely unstable. The wind drake completely misses you.
You shoot an arrow.
The arrow closely misses the wind drake.
The wind drake exhales a fierce blast of wind!
You are knocked back by the gust of wind.
You slam into the rock wall!
You die...

.. #... .... %.
#..P###... . .........#
#......##........
##..........#.....
.............#...###
...................####
................k.....#
................@.#P..##
................##.....#
..................#.####
P.......P#.......###.#
........###......#####
........# ###.....###
.......## #......#.#
.......## ###.....##
........## ###....#####


You could see a wind drake (repels missiles, catching breath).

Vanquished Creatures
  A fire dragon (D:9)
  2 hydras (D:9)
  A boulder beetle (Lair:4)
  2 two-headed ogres
  A merfolk avatar (Lair:5)
  A skyshark (Lair:5)
  2 harpies (Lair:5)
  2 deep elf pyromancers (D:9)
  A manticore (D:9)
  An ugly thing (D:9)
  2 cyclopes (D:9)
  Maurice (D:7)
  A merfolk siren (Lair:2)
  Joseph (D:7)
  2 black mambas
  14 elephants
  Maggie (D:7)
  8 cane toads
  5 komodo dragons
  8 rime drakes
  An efreet (D:9)
  A tengu conjurer (D:9)
  A freezing wraith (D:9)
  4 polar bears
  3 hornets (Lair:5)
  19 blink frogs
  3 wyverns
  An unseen horror simulacrum (D:9)
  4 basilisks
  36 yaks
  A wraith (D:9)
  3 steam dragons
  15 water moccasins
  Duvessa (D:4)
  An ice beast (D:7)
  An orc warrior (D:7)
  3 sky beasts
  5 black bears
  12 wolves
  3 centaurs
  3 phantoms
  14 bullfrogs
  4 scorpions
  A gnoll sergeant (D:7)
  11 wights
  Dowan (D:4)
  4 howler monkeys
  A bombardier beetle (D:5)
  3 hounds (D:5)
  A gnoll bouda (D:4)
  3 orc priests
  5 jellies
  Ijyb (D:3)
  Terence (D:2)
  4 iguanas
  6 orc wizards
  A centaur simulacrum (D:9)
  Robin (D:3)
  14 gnolls
  9 adders
  A shadow imp (D:6)
  2 white imps
  2 ufetubi (D:6)
  A ribbon worm (D:3)
  2 dart slugs
  24 orcs
  6 ball pythons
  7 endoplasms
  2 giant cockroaches
  14 goblins
  5 hobgoblins
  10 kobolds
  3 quokkas
  5 bats
  5 frilled lizards
  7 rats
359 creatures vanquished.

Vanquished Creatures (others)
  A steam dragon (D:7)
1 creature vanquished.

Grand Total: 360 creatures vanquished

Notes
Turn   | Place    | Note
-------+----------+-------------------------------------------
     0 | D:1      | qw the Spriggan Hunter began the quest for the Orb.
     0 | D:1      | Reached XP level 1. HP: 10/10 MP: 2/2
     0 | D:1      | 0 ||| qw: Version: 0.3-a-155-g5e7d8dd
     0 | D:1      | 0 ||| qw: Game counter: 1470
     0 | D:1      | 0 ||| qw: Melee chars always use a shield: true
     0 | D:1      | 0 ||| qw: God list: Okawaru
     0 | D:1      | 0 ||| qw: Allow faded altars: false
     0 | D:1      | 0 ||| qw: Do Orc after clearing Dungeon:15 true
     0 | D:1      | 0 ||| qw: Do second Lair branch before Depths: true
     0 | D:1      | 0 ||| qw: Lair rune preference: random
     0 | D:1      | 0 ||| qw: Goals: Normal
     0 | D:1      | 0 ||| PLANNING D:1-11
    22 | D:1      | Reached skill level 3 in Dodging
    71 | D:1      | Reached XP level 2. HP: 14/14 MP: 3/3
   107 | D:1      | Reached skill level 4 in Dodging
   217 | D:1      | Found a faded altar of an unknown god.
   523 | D:1      | 523 ||| READING 2 scrolls labelled AWNIOR GINATO.
   523 | D:1      | 523 ||| IDENTIFYING scroll labelled BAETUORCHIT
   524 | D:1      | 524 ||| READING scroll of identify.
   524 | D:1      | 524 ||| IDENTIFYING scroll labelled RYBRATUMMU
   525 | D:1      | 525 ||| READING scroll labelled SUAPLUWNAI.
   626 | D:1      | 626 ||| DROPPING scroll of butterflies.
   627 | D:1      | 627 ||| DROPPING scroll of immolation.
   680 | D:2      | Reached XP level 3. HP: 18/18 MP: 4/4
   706 | D:2      | HP: 4/18 [poisoned by an adder]
   902 | D:2      | Noticed Terence
   909 | D:2      | Killed Terence
   910 | D:2      | Reached XP level 4. HP: 19/22 MP: 5/5
  1157 | D:2      | Identified the ring "Nijyssel" {rF+ rN+ Str-4 Dex+6}
  1170 | D:2      | 1170 ||| DROPPING ring of magical power.
  1171 | D:2      | 1171 ||| UPGRADING to ring "Nijyssel" {rF+ rN+ Str-4
                  | Dex+6}.
  1172 | D:2      | 1172 ||| READING scroll of identify.
  1172 | D:2      | 1172 ||| IDENTIFYING metallic inky potion
  1173 | D:2      | 1173 ||| READING scroll labelled OTRIKHL BA NISA.
  1173 | D:2      | 1173 ||| ENCHANTING +0 shortbow.
  1222 | D:3      | Reached skill level 5 in Dodging
  1245 | D:3      | Noticed Ijyb
  1249 | D:3      | 1249 ||| DRINKING sedimented coppery potion.
  1265 | D:3      | Killed Ijyb
  1350 | D:3      | Noticed Robin
  1356 | D:3      | Reached XP level 5. HP: 22/25 MP: 6/6
  1373 | D:3      | Killed Robin
  1374 | D:3      | Reached skill level 6 in Dodging
  1801 | D:3      | You fall into a shaft and drop 3 floors!
  1871 | D:6      | Noticed a black bear
  1873 | D:6      | 1873 ||| RETREEEEATING.
  1887 | D:6      | Killed a black bear
  1888 | D:6      | Reached skill level 6 in Ranged Weapons
  1888 | D:6      | Reached XP level 6. HP: 12/30 MP: 7/7
  1964 | D:6      | 1964 ||| UPGRADING to ring of positive energy.
  1995 | D:5      | Entered Level 5 of the Dungeon
  2041 | D:5      | Reached skill level 7 in Dodging
  2287 | D:3      | Found a shadowy altar of Dithmenos.
  2288 | D:3      | Found a snail-covered altar of Cheibriados.
  2374 | D:3      | Found a stormy altar of Qazlal.
  2552 | D:3      | Found a basalt altar of Yredelemnul.
  2626 | D:3      | 2626 ||| READING scroll labelled YTATAJ GIOTZI.
  2858 | D:4      | Noticed Duvessa
  2874 | D:4      | Killed Duvessa
  2874 | D:4      | Noticed Dowan
  2875 | D:4      | Reached XP level 7. HP: 17/35 MP: 8/8
  2875 | D:4      | 2875 ||| FLEEEEING.
  2880 | D:4      | 2880 ||| FLEEEEING.
  2906 | D:4      | 2906 ||| FLEEEEING.
  2908 | D:4      | 2908 ||| FLEEEEING.
  2909 | D:4      | 2909 ||| FLEEEEING.
  2961 | D:4      | 2961 ||| RETREEEEATING.
  2978 | D:4      | Killed Dowan
  3001 | D:4      | 3001 ||| FLEEEEING.
  3002 | D:4      | 3002 ||| FLEEEEING.
  3003 | D:4      | 3003 ||| FLEEEEING.
  3005 | D:4      | 3005 ||| FLEEEEING.
  3006 | D:4      | 3006 ||| FLEEEEING.
  3432 | D:4      | 3432 ||| RETREEEEATING.
  3442 | D:4      | Reached skill level 8 in Dodging
  3445 | D:4      | HP: 5/35 [gnoll bouda/+0 club (11)]
  3446 | D:4      | 3446 ||| READING scroll of teleportation.
  3977 | D:4      | 3977 ||| UPGRADING to +2 robe of resistance.
  3987 | D:4      | 3987 ||| DROPPING +0 robe.
  3988 | D:4      | 3988 ||| UPGRADING to amulet of the acrobat.
  3993 | D:4      | 3993 ||| READING scroll of identify.
  3993 | D:4      | 3993 ||| IDENTIFYING purple potion
  3994 | D:4      | 3994 ||| DRINKING 2 fuming green potions.
  3995 | D:4      | 3995 ||| DROPPING potion of brilliance.
  4143 | D:5      | Reached skill level 9 in Dodging
  4143 | D:5      | Reached XP level 8. HP: 39/39 MP: 9/9
  4150 | D:5      | Found Aqouxzav's Assorted Antiques.
  4153 | D:5      | 4153 ||| BUYING knobbly peridot ring (145 gold).
  4153 | D:5      | Bought a knobbly peridot ring for 145 gold pieces
  4153 | D:5      | 4153 ||| SHOPLISTING tubular bronze ring (145 gold, have
                  | 14).
  4297 | D:5      | Found a staircase to the Ecumenical Temple.
  4298 | D:5      | 4298 ||| PLANNING TEMPLE
  4298 | D:5      | 4298 ||| UPGRADING to ring of protection from fire.
  4308 | Temple   | Found a transporter.
  4308 | Temple   | Found a transporter.
  4308 | Temple   | Found a transporter.
  4308 | Temple   | Found a transporter.
  4308 | Temple   | Entered the Ecumenical Temple
  4309 | Temple   | 4309 ||| PLANNING D:1-11
  4317 | Temple   | 4317 ||| PLANNING OKAWARU WORSHIP
  4324 | Temple   | Became a worshipper of Warmaster Okawaru
  4325 | Temple   | 4325 ||| PLANNING D:1-11
  4737 | D:5      | Reached skill level 3 in Fighting
  4921 | D:5      | 4921 ||| READING scroll of identify.
  4921 | D:5      | 4921 ||| IDENTIFYING cyan potion
  5161 | D:6      | Reached * piety under Okawaru
  5162 | D:6      | Reached skill level 9 in Ranged Weapons
  5381 | D:7      | Noticed Maurice
  5382 | D:7      | 5382 ||| INVOKING Heroism.
  5384 | D:7      | 5384 ||| STAIRDANCE
  5404 | D:7      | 5404 ||| INVOKING Heroism.
  5410 | D:7      | Maurice stole a ring of positive energy
  5417 | D:7      | 5417 ||| STAIRDANCE
  5432 | D:7      | 5432 ||| STAIRDANCE
  5518 | D:7      | 5518 ||| STAIRDANCE
  5547 | D:7      | 5547 ||| STAIRDANCE
  5616 | D:7      | Maurice stole 163 gold
  5619 | D:7      | Killed Maurice
  5620 | D:7      | Reached skill level 11 in Dodging
  5620 | D:7      | Reached XP level 9. HP: 28/44 MP: 10/10
  5713 | D:7      | Reached ** piety under Okawaru
  5714 | D:7      | Reached skill level 1 in Invocations
  5896 | D:7      | 5896 ||| SWAPPING to +0 orcbow.
  5900 | D:7      | 5900 ||| DROPPING +0 shortbow.
  6069 | D:7      | Noticed Joseph
  6070 | D:7      | 6070 ||| INVOKING Heroism.
  6079 | D:7      | Reached skill level 3 in Invocations
  6089 | D:7      | Killed Joseph
  6224 | D:7      | 6224 ||| RETREEEEATING.
  6226 | D:7      | 6226 ||| RETREEEEATING.
  6229 | D:7      | 6229 ||| RETREEEEATING.
  6354 | D:7      | 6354 ||| UPGRADING to +2 cloak.
  6359 | D:7      | 6359 ||| READING scroll of identify.
  6359 | D:7      | 6359 ||| IDENTIFYING brown potion
  6360 | D:7      | 6360 ||| READING scroll labelled JOTTE MOT ALU.
  6361 | D:7      | 6361 ||| READING scroll labelled RUIMIU SAUXOUBE.
  6361 | D:7      | 6361 ||| BRANDING +0 orcbow.
  6362 | D:7      | 6362 ||| DROPPING potion of ambrosia.
  6468 | D:7      | Noticed Maggie
  6469 | D:7      | 6469 ||| INVOKING Heroism.
  6475 | D:7      | Reached skill level 12 in Dodging
  6478 | D:7      | Killed Maggie
  6478 | D:7      | Reached *** piety under Okawaru
  6523 | D:8      | Found a transporter.
  6524 | D:8      | Found a transporter.
  6526 | D:8      | Found a transporter.
  6612 | D:8      | Noticed a two-headed ogre
  6613 | D:8      | 6613 ||| INVOKING Heroism.
  6624 | D:8      | Killed a two-headed ogre
  6625 | D:8      | Reached XP level 10. HP: 49/49 MP: 12/14
  6690 | D:8      | Found Sonimoe's Armour Shop.
  6852 | D:8      | Reached **** piety under Okawaru
  6990 | D:8      | Found a transporter.
  7407 | D:9      | Noticed a manticore
  7408 | D:9      | 7408 ||| INVOKING Finesse.
  7416 | D:9      | Killed a manticore
  7417 | D:9      | Reached skill level 13 in Dodging
  7484 | D:9      | Noticed an elephant
  7485 | D:9      | 7485 ||| ZAPPING wand of quicksilver (9) at 7,-5 (elephant;
                  | floor).
  7487 | D:9      | 7487 ||| ZAPPING wand of quicksilver (8) at 7,-5 (elephant;
                  | floor).
  7524 | D:9      | 7524 ||| ZAPPING wand of quicksilver (7) at 2,-1 (elephant;
                  | floor).
  7525 | D:9      | 7525 ||| ZAPPING wand of quicksilver (6) at 2,0 (elephant;
                  | floor).
  7526 | D:9      | 7526 ||| INVOKING Finesse.
  7527 | D:9      | Killed an elephant
  7528 | D:9      | Reached skill level 6 in Invocations
  7630 | D:9      | Noticed a fire dragon
  7631 | D:9      | 7631 ||| INVOKING Finesse.
  7632 | D:9      | 7632 ||| INVOKING Finesse.
  7635 | D:9      | Noticed a cyclops
  7635 | D:9      | Noticed an eight-headed hydra
  7648 | D:9      | Killed an eight-headed hydra
  7661 | D:9      | Killed a fire dragon
  7662 | D:9      | Reached skill level 12 in Ranged Weapons
  7662 | D:9      | Reached XP level 11. HP: 48/53 MP: 12/16
  7664 | D:9      | Reached ***** piety under Okawaru
  7667 | D:9      | Noticed a deep elf pyromancer
  7668 | D:9      | 7668 ||| INVOKING Finesse.
  7674 | D:9      | Killed a deep elf pyromancer
  7697 | D:9      | Noticed a white ugly thing
  7702 | D:9      | 7702 ||| INVOKING Finesse.
  7716 | D:9      | Killed a white ugly thing
  7728 | D:9      | Reached skill level 14 in Dodging
  7816 | D:9      | Noticed a deep elf pyromancer
  7817 | D:9      | 7817 ||| INVOKING Finesse.
  7825 | D:9      | Killed a deep elf pyromancer
  7837 | D:9      | Noticed a seven-headed hydra
  7845 | D:9      | Killed a seven-headed hydra
  7860 | D:9      | Received a gift from Okawaru
  7881 | D:9      | Identified the +4 demon trident of False Accusations {vamp,
                  | rN++}
  7893 | D:9      | 7893 ||| RETREEEEATING.
  7894 | D:9      | 7894 ||| RETREEEEATING.
  7895 | D:9      | 7895 ||| RETREEEEATING.
  7896 | D:9      | 7896 ||| RETREEEEATING.
  7897 | D:9      | 7897 ||| RETREEEEATING.
  7898 | D:9      | 7898 ||| RETREEEEATING.
  7899 | D:9      | 7899 ||| RETREEEEATING.
  7900 | D:9      | 7900 ||| RETREEEEATING.
  7901 | D:9      | 7901 ||| RETREEEEATING.
  7902 | D:9      | 7902 ||| RETREEEEATING.
  7907 | D:9      | 7907 ||| RETREEEEATING.
  7999 | D:9      | Found a staircase to the Lair.
  8103 | D:9      | Noticed a two-headed ogre
  8104 | D:9      | 8104 ||| INVOKING Finesse.
  8113 | D:9      | Killed a two-headed ogre
  8422 | D:9      | Reached skill level 9 in Invocations
  8444 | D:9      | 8444 ||| PLANNING LAIR
  8444 | D:9      | 8444 ||| READING scroll of identify.
  8444 | D:9      | 8444 ||| IDENTIFYING bubbling golden potion
  8445 | D:9      | 8445 ||| READING scroll labelled NOECRI ERIESO.
  8446 | D:9      | 8446 ||| DROPPING potion of degeneration.
  8472 | Lair:1   | Entered Level 1 of the Lair of Beasts
  8512 | Lair:1   | 8512 ||| RETREEEEATING.
  8513 | Lair:1   | 8513 ||| RETREEEEATING.
  8514 | Lair:1   | 8514 ||| RETREEEEATING.
  8515 | Lair:1   | 8515 ||| RETREEEEATING.
  8516 | Lair:1   | 8516 ||| RETREEEEATING.
  8517 | Lair:1   | 8517 ||| RETREEEEATING.
  8518 | Lair:1   | 8518 ||| RETREEEEATING.
  8523 | Lair:1   | 8523 ||| INVOKING Finesse.
  8650 | Lair:1   | 8650 ||| RETREEEEATING.
  8654 | Lair:1   | 8654 ||| INVOKING Finesse.
  8675 | Lair:1   | Reached XP level 12. HP: 60/60 MP: 15/20
  8834 | Lair:1   | Received a gift from Okawaru
  9123 | Lair:1   | 9123 ||| RETREEEEATING.
  9128 | Lair:1   | 9128 ||| RETREEEEATING.
  9130 | Lair:1   | 9130 ||| RETREEEEATING.
  9131 | Lair:1   | 9131 ||| RETREEEEATING.
  9133 | Lair:1   | 9133 ||| RETREEEEATING.
  9134 | Lair:1   | 9134 ||| RETREEEEATING.
  9395 | Lair:1   | Reached skill level 15 in Dodging
  9771 | Lair:1   | 9771 ||| DROPPING ring of flight.
  9772 | Lair:1   | 9772 ||| READING 2 scrolls of identify.
  9772 | Lair:1   | 9772 ||| IDENTIFYING lumpy dark potion
  9773 | Lair:1   | 9773 ||| READING scroll of identify.
  9773 | Lair:1   | 9773 ||| IDENTIFYING amethyst potion
  9774 | Lair:1   | 9774 ||| DROPPING potion of berserk rage.
 10000 | Lair:2   | Found a hole to the Spider Nest.
 10039 | Lair:2   | You fall into a shaft and drop 1 floor!
 10090 | Lair:3   | 10090 ||| RETREEEEATING.
 10093 | Lair:3   | 10093 ||| RETREEEEATING.
 10094 | Lair:3   | 10094 ||| RETREEEEATING.
 10097 | Lair:3   | 10097 ||| RETREEEEATING.
 10098 | Lair:3   | 10098 ||| RETREEEEATING.
 10099 | Lair:3   | 10099 ||| RETREEEEATING.
 10101 | Lair:3   | 10101 ||| RETREEEEATING.
 10102 | Lair:3   | 10102 ||| RETREEEEATING.
 10103 | Lair:3   | 10103 ||| RETREEEEATING.
 10104 | Lair:3   | 10104 ||| RETREEEEATING.
 10106 | Lair:3   | 10106 ||| RETREEEEATING.
 10109 | Lair:3   | 10109 ||| RETREEEEATING.
 10114 | Lair:3   | 10114 ||| RETREEEEATING.
 10115 | Lair:3   | 10115 ||| RETREEEEATING.
 10116 | Lair:3   | 10116 ||| RETREEEEATING.
 10117 | Lair:3   | 10117 ||| RETREEEEATING.
 10125 | Lair:3   | 10125 ||| RETREEEEATING.
 10126 | Lair:3   | 10126 ||| RETREEEEATING.
 10127 | Lair:3   | 10127 ||| RETREEEEATING.
 10128 | Lair:3   | 10128 ||| RETREEEEATING.
 10130 | Lair:3   | 10130 ||| RETREEEEATING.
 10141 | Lair:3   | Reached skill level 16 in Dodging
 10160 | Lair:3   | Received a gift from Okawaru
 10304 | Lair:3   | 10304 ||| READING 3 scrolls of identify.
 10304 | Lair:3   | 10304 ||| IDENTIFYING scroll labelled TIUZXU FEDA
 10305 | Lair:3   | 10305 ||| DROPPING scroll of vulnerability.
 10388 | Lair:2   | 10388 ||| RETREEEEATING.
 10392 | Lair:2   | 10392 ||| RETREEEEATING.
 10398 | Lair:2   | 10398 ||| RETREEEEATING.
 10400 | Lair:2   | 10400 ||| RETREEEEATING.
 10401 | Lair:2   | 10401 ||| RETREEEEATING.
 10402 | Lair:2   | 10402 ||| RETREEEEATING.
 10403 | Lair:2   | 10403 ||| RETREEEEATING.
 10404 | Lair:2   | 10404 ||| RETREEEEATING.
 10405 | Lair:2   | 10405 ||| RETREEEEATING.
 10687 | Lair:2   | Found a staircase to the Shoals.
 11146 | Lair:3   | Reached skill level 6 in Fighting
 11185 | Lair:3   | 11185 ||| RETREEEEATING.
 11187 | Lair:3   | 11187 ||| RETREEEEATING.
 11417 | Lair:3   | 11417 ||| RETREEEEATING.
 11418 | Lair:3   | 11418 ||| RETREEEEATING.
 11419 | Lair:3   | 11419 ||| RETREEEEATING.
 11420 | Lair:3   | 11420 ||| RETREEEEATING.
 11421 | Lair:3   | 11421 ||| RETREEEEATING.
 11444 | Lair:3   | 11444 ||| INVOKING Finesse.
 11453 | Lair:3   | 11453 ||| FLEEEEING.
 11470 | Lair:3   | Reached XP level 13. HP: 34/65 MP: 16/21
 11889 | Lair:3   | 11889 ||| READING 6 scrolls of identify.
 11889 | Lair:3   | 11889 ||| IDENTIFYING scroll labelled XUVERGHE HETHA
 11890 | Lair:3   | 11890 ||| DROPPING scroll of poison.
 12049 | Lair:4   | 12049 ||| RETREEEEATING.
 12050 | Lair:4   | 12050 ||| RETREEEEATING.
 12052 | Lair:4   | 12052 ||| RETREEEEATING.
 12054 | Lair:4   | 12054 ||| RETREEEEATING.
 12056 | Lair:4   | 12056 ||| RETREEEEATING.
 12058 | Lair:4   | 12058 ||| RETREEEEATING.
 12060 | Lair:4   | 12060 ||| RETREEEEATING.
 12065 | Lair:4   | Reached skill level 17 in Dodging
 12077 | Lair:4   | Received a gift from Okawaru
 12186 | Lair:4   | Found a staircase to the Slime Pits.
 12212 | Lair:4   | Found a frozen archway.
 12274 | Lair:4   | 12274 ||| INVOKING Finesse.
 12275 | Lair:4   | 12275 ||| INVOKING Heroism.
 12332 | Lair:4   | Found a transporter.
 12356 | Lair:4   | Found a transporter.
 12689 | Lair:4   | Found a viscous altar of Jiyva.
 12832 | Lair:4   | 12832 ||| READING 5 scrolls of identify.
 12832 | Lair:4   | 12832 ||| IDENTIFYING fizzy silvery potion
 12833 | Lair:4   | 12833 ||| READING 4 scrolls of identify.
 12833 | Lair:4   | 12833 ||| IDENTIFYING fuming yellow potion
 12834 | Lair:4   | 12834 ||| DROPPING potion of attraction.
 12848 | Lair:5   | Entered Level 5 of the Lair of Beasts
 12989 | Lair:5   | Reached skill level 15 in Ranged Weapons
 12995 | Lair:5   | 12995 ||| INVOKING Finesse.
 12998 | Lair:5   | 12998 ||| INVOKING Heroism.
 13002 | Lair:5   | Reached skill level 1 in Armour
 13155 | Lair:5   | 13155 ||| RETREEEEATING.
 13156 | Lair:5   | 13156 ||| RETREEEEATING.
 13166 | Lair:5   | 13166 ||| RETREEEEATING.
 13169 | Lair:5   | 13169 ||| RETREEEEATING.
 13170 | Lair:5   | 13170 ||| RETREEEEATING.
 13171 | Lair:5   | 13171 ||| RETREEEEATING.
 13172 | Lair:5   | 13172 ||| RETREEEEATING.
 13173 | Lair:5   | 13173 ||| RETREEEEATING.
 13174 | Lair:5   | 13174 ||| RETREEEEATING.
 13175 | Lair:5   | 13175 ||| RETREEEEATING.
 13176 | Lair:5   | 13176 ||| RETREEEEATING.
 13329 | Lair:5   | Got an earthy gem with 330 turns to spare
 13353 | Lair:5   | 13353 ||| RETREEEEATING.
 13361 | Lair:5   | 13361 ||| RETREEEEATING.
 13362 | Lair:5   | 13362 ||| RETREEEEATING.
 13364 | Lair:5   | 13364 ||| RETREEEEATING.
 13366 | Lair:5   | Received a gift from Okawaru
 13367 | Lair:5   | Reached skill level 18 in Dodging
 13373 | Lair:5   | 13373 ||| INVOKING Finesse.
 13557 | Lair:5   | 13557 ||| INVOKING Finesse.
 13558 | Lair:5   | 13558 ||| INVOKING Heroism.
 13925 | Lair:5   | HP: 16/65 [wind drake/the air (17)]
 13926 | Lair:5   | 13926 ||| READING scroll of teleportation.
 14000 | Lair:5   | 14000 ||| FLEEEEING.
 14001 | Lair:5   | 14001 ||| FLEEEEING.
 14002 | Lair:5   | 14002 ||| FLEEEEING.
 14447 | Lair:5   | HP: 4/65 [wind drake/the air (14)]
 14448 | Lair:5   | 14448 ||| READING scroll of teleportation.
 14449 | Lair:5   | Collided with a rock wall

Levels and vault maps discovered:
D:1:      onia_arrival_handbag, layout_rooms,
          shapermc_ecumenical_altar_notcrosses, minmay_pentomino_s2
D:2:      layout_rooms, uniq_terence
D:3:      layout_loops_corners, nicolae_qazlal_eye_of_the_storm,
          yredelemnul_altar_generic, gammafunk_temple_overflow_statue,
          minmay_misc_feat_five, uniq_ijyb, uniq_robin
D:4:      layout_gridville, serial_bayou_pond_c, kennysheep_pointless_box,
          serial_library_regret_index_multi, uniq_duvessa
D:5:      layout_basic, minmay_temple_entry_drinking_statues, serial_shops,
          nicolae_shop_tiny_real_fake_doors, nicolae_eternal_life
D:6:      layout_basic
D:7:      kennysheep_steamy, layout_rooms, uniq_joseph, uniq_maggie,
          uniq_maurice
D:8:      layout_gridville, serial_shops, shop, hangedman_decor_peaks_small,
          grunt_ministairs_8, nicolae_diode_quadrants
D:9:      minmay_cut_squares, layout_basic, grunt_lair_entry_orc_guard_hut
Temple:   hellmonk_temple_divided_pantheon
Lair:1:   layout_long_grid, grunt_megastairs_1
Lair:2:   layout_long_grid, minmay_shoals_entry_lonely_mermaid,
          spider_nest_entry_web_field
Lair:3:   layout_hall_layers, lemuel_fruit_fields
Lair:4:   gammafunk_worm_tunnel, layout_long_grid,
          nicolae_slime_entry_field_trip, portal_ice_cave_rime
Lair:5:   gammafunk_lair_ancient_temple, layout_layer_cave

Skill      XL: |  1  2  3  4  5  6  7  8  9 10 11 12 13 |
---------------+----------------------------------------+-----
Dodging        | 3 4 5 6 7 9 11 12 13 14 16 18 | 18.0
Ranged Weapons | 5 6 7 9 10 12 14 15 | 15.7
Fighting       | 2 3 4 5 6 |  6.0
Invocations    | 4 6 9 10 | 10.0
Armour         | 1 |  1.1
Stealth        | |  1.5

Action                     |  1- 3 |  4- 6 |  7- 9 | 10-12 | 13-15 || total
---------------------------+-------+-------+-------+-------+-------++-------
   Fire: Shortbow          |   107 |   133 |   322 |       |       ||   562
         Orcbow            |       |       |    92 |   848 |   406 ||  1346
 Invoke: Heroism           |       |       |     5 |       |     3 ||     8
         Finesse           |       |       |       |    10 |     4 ||    14
  Evoke: Wand              |       |       |       |     4 |       ||     4
    Use: Scroll            |     3 |     3 |     6 |     5 |     5 ||    22
         Potion            |       |     1 |     1 |       |       ||     2
 Armour: Robe              |    13 |    35 |    45 |    57 |    41 ||   191
  Dodge: Dodged            |    36 |    78 |   221 |   384 |   177 ||   896

Table legend:
 A = Non-vault XP
 B = Vault XP
 C = Vault XP percentage of total XP
 D = Non-vault monster count
 E = Vault monster count
 F = Vault count percentage of total count
                 A         B        C        D         E       F
            +---------+---------+-------+---------+---------+-------
      Total |   37212 |   19682 |  34.6 |     283 |      77 |  21.4
            +---------+---------+-------+---------+---------+-------
        D:1 |      30 |       8 |  21.1 |      19 |       5 |  20.8
        D:2 |      67 |      36 |  35.0 |      14 |       1 |   6.7
        D:3 |      38 |      71 |  65.1 |      13 |      13 |  50.0
        D:4 |     315 |     202 |  39.1 |      25 |       2 |   7.4
        D:5 |     886 |       0 |   0.0 |      15 |       0 |   0.0
        D:6 |     888 |       0 |   0.0 |      20 |       0 |   0.0
        D:7 |    1142 |    1683 |  59.6 |      26 |       5 |  16.1
        D:8 |    1881 |     362 |  16.1 |      16 |       5 |  23.8
        D:9 |    4457 |    7142 |  61.6 |      24 |      18 |  42.9
     Lair:1 |    6654 |     479 |   6.7 |      35 |       2 |   5.4
     Lair:2 |    4230 |     506 |  10.7 |      15 |       1 |   6.2
     Lair:3 |    7518 |       0 |   0.0 |      26 |       0 |   0.0
     Lair:4 |    5162 |     872 |  14.5 |      21 |       5 |  19.2
     Lair:5 |    3944 |    8321 |  67.8 |      14 |      20 |  58.8
            +---------+---------+-------+---------+---------+-------
